 Dungeon Crawl Stone Soup version 0.30-a0-626-gd6a5dd7a1f (webtiles) character file.

Game seed: 6818138427595277812

16032 tilp the Carver (level 13, -4/114 HPs)
             Began as a Meteoran Fighter on Jan 11, 2023.
             Was an Elder of Okawaru.
             Slain by a sixfirhy (11 damage)
             ... in a Gauntlet.
             The game lasted 00:37:26 (7205 turns).

tilp the Carver (Meteoran Fighter)                  Turns: 7205, Time: 00:37:27

Health: -4/114     AC: 21    Str: 26    XL:     13   Next: 1%
Magic:  18/18      EV: 13    Int: 10    God:    Okawaru [****..]
Gold:   609        SH:  6    Dex: 17    Spells: 12/12 levels left

rFire   . . .      SeeInvis .    a - +1 scimitar
rCold   + . .      Faith    +    c - +0 buckler
rNeg    . . .      Spirit   .    Y - +0 chain mail {rPois}
rPois   +          Reflect  .    (no helmet)
rElec   .          Harm     .    U - +2 cloak
rCorr   .          Rampage  .    F - +2 pair of gloves {Str+3}
Will    +....      NoTele   +    y - +2 pair of boots Stlth
                                 K - amulet of faith
HPRegen 0.39/turn                r - ring of protection from cold
MPRegen 0.16/turn                C - ring of Pyromania {Fly Str+3}

@: flying, glowing, studying Long Blades
A: sense surroundings 2, otherworldly, glowing, explore regen
a: Renounce Religion, Heroism, Finesse


You were in a Gauntlet.
You worshipped Okawaru.
Okawaru was greatly pleased with you.
You visited 3 branches of the dungeon, and saw 14 of its levels.
You also visited: Bailey and Gauntlet.

You collected 1492 gold pieces.
You spent 883 gold pieces at shops.

Inventory:

Hand Weapons
 a - a +1 scimitar (weapon)
 b - a +0 rapier
 u - a +4 dagger
 D - a +1 dagger of protection
Missiles
 g - 4 boomerangs of dispersal
 M - 18 boomerangs
 T - 13 poisoned darts (quivered)
 X - 5 javelins
Armour
 c - a +0 buckler (worn)
 p - a +0 chain mail
 w - a +0 plate armour
 y - a +2 pair of boots (worn)
 F - a +2 pair of gloves of strength (worn)
 G - a +2 pair of gloves
 S - a +1 scale mail of poison resistance
 U - a +2 cloak (worn)
 Y - a +0 chain mail of poison resistance (worn)
Jewellery
 d - a ring of protection from fire
 m - a ring of wizardry
 r - a ring of protection from cold (left hand)
 v - a ring of protection from cold
 C - the ring of Pyromania (right hand) {Fly Str+3}
   (You took it off an orc wizard on level 9 of the Dungeon)

   [ring of flight]

   Str:       It affects your strength (+3).
   Fly:       It grants you flight.
 K - an amulet of faith (around neck)
Wands
 f - a wand of flame (12)
 j - a wand of quicksilver (3)
 A - a wand of digging (9)
 I - a wand of charming (11)
Scrolls
 e - a scroll of butterflies
 h - 4 scrolls of fear
 k - 6 scrolls of teleportation
 t - 4 scrolls of fog
 H - a scroll of vulnerability
 L - 3 scrolls of enchant armour
 O - a scroll of noise
 Q - 2 scrolls of enchant weapon
 R - 7 scrolls of identify
 V - a scroll of torment {unknown}
 W - a scroll of immolation
Potions
 i - 3 potions of haste
 l - 2 potions of mutation
 n - 3 potions of cancellation
 o - 7 potions of brilliance
 q - 2 potions of ambrosia
 s - 4 potions of curing
 x - a potion of flight
 z - a potion of invisibility
 B - 2 potions of lignification
 E - 3 potions of heal wounds
 J - 2 potions of magic {unknown}
 N - 2 potions of resistance {unknown}
Miscellaneous
 P - a piece from Xom's chessboard (15/15)


   Skills:
 + Level 10.6 Fighting
 + Level 13.0 Long Blades
 + Level 5.5 Throwing
 + Level 8.8 Armour
 + Level 10.6 Dodging
 - Level 4.0 Stealth
 + Level 5.4 Shields
 * Level 5.6 Invocations
 + Level 5.4 Evocations


You had 12 spell levels left.
You didn't know any spells.
Your spell library was empty.

Dungeon Overview and Level Annotations

Branches:
Dungeon (10/15) Zot: 275   Temple (1/1) D:4 Zot: 469    Lair (3/5) D:8 Zot: 1047
  Swamp (0/4) Lair:2       Spider (0/4) Lair:3       Bailey (visited)
Gauntlet (1/1) Zot: 221
    Orc: D:9-12

Altars:
Ashenzari
Cheibriados
Dithmenos
Elyvilon
Fedhas
Gozag
Hepliaklqana
Kikubaaqudgha
Makhleb
Nemelex Xobeh
Okawaru
Qazlal
Ru
Sif Muna
Trog
Uskayaw
Vehumet
Wu Jian
Xom
Yredelemnul
Zin
The Shining One

Shops:
D:1 ?:?[   D:4 *

Annotations:
Gauntlet 11 transporters, 16 runed translucent doors, exclusion: 2 lightning spires


Innate Abilities, Weirdness & Mutations

You passively map the area around you.
You are easily found by Zot.
You glow in the dark.
You regain HP and MP as you explore.


Message History

You assume a fearsome visage.
The sixfirhy looks frightened! x3
Unknown command.
The sixfirhy hits you but does no damage.
You block the sixfirhy's attack.
There is a transporter here.
You enter the transporter and appear at another place.
The sixfirhy seems to regain its courage.
Unknown command.
You slash the sixfirhy!
The sixfirhy is moderately wounded.
The sixfirhy seems to regain its courage.
You block the sixfirhy's attack. The sixfirhy misses you.
You miss the sixfirhy.
The sixfirhy is moderately wounded.
The sixfirhy misses you. The sixfirhy completely misses you.
The sixfirhy misses you.
You closely miss the sixfirhy.
The sixfirhy is lightly wounded.
The sixfirhy hits you but does no damage. x3
You barely miss the sixfirhy.
The sixfirhy is lightly wounded.
You feel like a meek peon again.
You miss the sixfirhy.
The sixfirhy is lightly wounded.
You miss the sixfirhy.
The sixfirhy is lightly wounded.
You hit the sixfirhy.
The sixfirhy is lightly wounded.
The sixfirhy completely misses you.
The sixfirhy hits you but does no damage. x2
You slash the sixfirhy!
The sixfirhy is moderately wounded.
The sixfirhy hits you.
* * * LOW HITPOINT WARNING * * *
The sixfirhy shocks you!
* * * LOW HITPOINT WARNING * * *
The sixfirhy hits you.
* * * LOW HITPOINT WARNING * * *
The sixfirhy shocks you!
You die...

8##.#.#.#...#.#.#.#.^#####^.#.#..
..#.#.#.#.#...#.#.#.#.....#u#.#..
.=..#.#..?[©[.33#.#../!©[..G#.#..
#####.###########.###########.###
.................................
................≈∩≈..............
#################################
#8# #8##≈...............≈##8# #8
### ####8§.©.©.@.©.©.©..8#### ##
#§§......3.......≈#
###.##.##.##.##.###
#.##.##.##.##.#* , ., .. , * *#.
##. * # , *. * * * . ,* * ,


You could see 3 sixfirhies.

Vanquished Creatures
  A hydra (Lair:3)
  A death yak (Lair:1)
  A two-headed ogre (D:9)
  Urug (Lair:2)
  A soul eater (Gauntlet)
  A sixfirhy (Gauntlet)
  2 bog bodies
  Pikel (D:8)
  An ice statue (Lair:1)
  2 rime drakes (Lair:1)
  2 komodo dragons
  A torpor snail (Gauntlet)
  A freezing wraith (Lair:1)
  An ice devil (Lair:1)
  2 polar bears (Lair:1)
  A hornet (D:9)
  7 dream sheep (Lair:3)
  12 yaks
  A shadow (D:10)
  A wraith (D:9)
  3 wyverns (D:8)
  A basilisk (Lair:1)
  A steam dragon (D:8)
  2 vampire mosquitoes (D:8)
  A water moccasin (D:6)
  An acid dragon (D:9)
  4 orc warriors
  A sky beast (D:8)
  An ogre (D:4)
  6 wolves
  2 centaurs
  A lemure (D:8)
  3 kobold brigands
  Blork the orc (D:5)
  2 phantoms
  4 bullfrogs
  2 gnoll sergeants
  A two-headed ogre simulacrum (Lair:1)
  2 scorpions (D:5)
  5 wights (D:8)
  2 howler monkeys
  2 elephant simulacra (Lair:1)
  3 killer bees (D:9)
  A jelly (D:6)
  7 orc priests
  5 hounds
  An iguana (D:6)
  7 hell rats (Lair:3)
  9 orc wizards
  2 polar bear simulacra (Lair:1)
  A troll simulacrum (Lair:1)
  A hound skeleton (D:3)
  A howler monkey zombie (D:3)
  A naga simulacrum (Lair:1)
  8 adders
  11 gnolls
  4 shadow imps
  A white imp (D:8)
  5 ufetubi
  2 adder skeletons (D:3)
  3 worms
  3 dart slugs
  41 orcs
  5 ball pythons
  3 endoplasms
  4 giant cockroaches
  9 hobgoblins
  4 quokkas
  5 bats
  A frilled lizard (D:3)
  2 giant cockroach zombies (D:3)
  7 goblins
  33 kobolds
  A rat (D:1)
280 creatures vanquished.

Vanquished Creatures (others)
  8 fungi
  34 plants
  2 withered plants (D:3)
44 creatures vanquished.

Grand Total: 324 creatures vanquished

Notes
Turn   | Place    | Note
-------+----------+-------------------------------------------
     0 | D:1      | tilp the Meteoran Fighter began the quest for the Orb.
     0 | D:1      | Reached XP level 1. HP: 19/19 MP: 2/2
    95 | D:1      | Found Saiwn's Magic Scroll Boutique.
   124 | D:1      | Found Resatzit's Book Shop.
   128 | D:1      | Reached XP level 2. HP: 26/26 MP: 3/3
   173 | D:1      | Reached skill level 1 in Dodging
   173 | D:1      | Found Kuq Fips's Armour Boutique.
   361 | D:2      | Reached XP level 3. HP: 30/31 MP: 4/4
   518 | D:3      | Reached XP level 4. HP: 39/39 MP: 5/5
   606 | D:3      | Reached skill level 3 in Long Blades
   607 | D:3      | Identified the +0 chain mail "Qaameol" {-Tele rC+ Regen+}
   644 | D:4      | Reached skill level 1 in Stealth
   644 | D:4      | Reached XP level 5. HP: 45/46 MP: 6/6
   739 | D:3      | Found a shadowy altar of Dithmenos.
   739 | D:3      | Found a bloodstained altar of Trog.
   746 | D:3      | Found an opulent altar of Gozag.
   748 | D:3      | Found a faded altar of an unknown god.
   749 | D:3      | You fall into a shaft and drop 1 floor!
   751 | D:4      | Found a staircase to the Ecumenical Temple.
   754 | D:4      | Noticed an ogre
   770 | D:4      | Killed an ogre
   771 | D:4      | Reached XP level 6. HP: 30/52 MP: 7/7
   789 | Temple   | Entered the Ecumenical Temple
   902 | D:3      | Found a large runed translucent door.
   903 | D:3      | Found a large runed translucent door.
   919 | D:3      | Found a basalt altar of Yredelemnul.
   929 | D:3      | Found a shimmering blue altar of Sif Muna.
  1025 | D:4      | Reached skill level 4 in Long Blades
  1098 | D:3      | Found a faded altar of an unknown god.
  1288 | D:4      | Found Uxodabot's Assorted Antiques.
  1296 | D:4      | Bought a scroll labelled PAVAIPT DAZA for 29 gold pieces
  1296 | D:4      | Bought a green potion for 26 gold pieces
  1296 | D:4      | Bought a black potion for 26 gold pieces
  1296 | D:4      | Bought a fizzy blue potion for 26 gold pieces
  1515 | D:4      | Reached XP level 7. HP: 32/59 MP: 8/8
  1536 | D:5      | Entered Level 5 of the Dungeon
  1659 | D:5      | Noticed Blork the orc
  1717 | D:5      | Killed Blork the orc
  1718 | D:5      | Reached skill level 1 in Throwing
  1761 | D:5      | Reached skill level 5 in Dodging
  1819 | D:4      | Reached skill level 5 in Long Blades
  1819 | D:4      | Reached XP level 8. HP: 29/67 MP: 9/9
  1837 | D:4      | Bought a scroll labelled TATAUDAODA for 29 gold pieces
  1837 | D:4      | Bought a scroll labelled TATAUDAODA for 29 gold pieces
  2260 | D:5      | Reached skill level 5 in Armour
  2548 | D:6      | Reached skill level 6 in Long Blades
  2687 | D:6      | Reached skill level 5 in Fighting
  2687 | D:6      | Gained mutation: You passively map the area around you.
                  | [Meteoran growth]
  2687 | D:6      | Reached XP level 9. HP: 60/74 MP: 10/10
  2988 | D:7      | Reached skill level 7 in Long Blades
  3466 | D:7      | Found a white marble altar of Elyvilon.
  3466 | D:7      | Found a glowing golden altar of the Shining One.
  3466 | D:7      | Found a glowing silver altar of Zin.
  3726 | D:8      | Reached skill level 8 in Long Blades
  3726 | D:8      | Reached XP level 10. HP: 83/83 MP: 11/11
  3753 | D:8      | Reached skill level 1 in Evocations
  3813 | D:8      | Noticed Pikel
  3834 | D:8      | Killed Pikel
  4120 | D:8      | Noticed a komodo dragon
  4142 | D:8      | Killed a komodo dragon
  4236 | D:8      | Reached skill level 9 in Long Blades
  4315 | D:9      | Found a flagged portal.
  4393 | D:9      | Found a broken altar of Ashenzari.
  4403 | D:9      | Identified the ring of Pyromania {Fly Str+3}
  4504 | Bailey   | Entered a bailey
  4509 | Bailey   | Noticed an orc warlord
  4525 | Bailey   | Reached XP level 11. HP: 92/92 MP: 12/12
  4609 | Bailey   | Found a runed translucent gate.
  4610 | Bailey   | Found a runed translucent gate.
  4612 | Bailey   | Found a runed translucent gate.
  4688 | Bailey   | Acquired a manual of Long Blades
  4775 | Bailey   | Acquired 764 gold pieces
  4995 | D:1      | Found Maniapto's Magic Scroll Shop.
  5019 | D:1      | Bought a scroll of noise for 12 gold pieces
  5019 | D:1      | Bought a scroll of enchant armour for 90 gold pieces
  5019 | D:1      | Bought a scroll of enchant armour for 90 gold pieces
  5019 | D:1      | Bought a scroll of enchant weapon for 90 gold pieces
  5019 | D:1      | Bought a scroll of fog for 48 gold pieces
  5019 | D:1      | Bought a scroll of teleportation for 36 gold pieces
  5019 | D:1      | Bought a scroll of identify for 24 gold pieces
  5032 | D:1      | Bought a scroll of enchant armour for 90 gold pieces
  5032 | D:1      | Bought a scroll of identify for 24 gold pieces
  5032 | D:1      | Bought a scroll of identify for 24 gold pieces
  5032 | D:1      | Bought a scroll of identify for 24 gold pieces
  5032 | D:1      | Bought a scroll of teleportation for 36 gold pieces
  5065 | D:1      | Bought a +1 scale mail of poison resistance for 130 gold
                  | pieces
  5240 | D:10     | Entered Level 10 of the Dungeon
  5471 | D:9      | Reached skill level 10 in Long Blades
  5508 | D:9      | Noticed a two-headed ogre
  5525 | D:9      | Killed a two-headed ogre
  5631 | D:10     | Found an iron altar of Okawaru.
  5643 | D:10     | Found a hide-covered altar of Uskayaw.
  5671 | D:10     | Became a worshipper of Warmaster Okawaru
  5932 | D:8      | Reached skill level 11 in Long Blades
  5965 | D:8      | Found a staircase to the Lair.
  6000 | Lair:1   | Entered Level 1 of the Lair of Beasts
  6014 | Lair:1   | Reached * piety under Okawaru
  6059 | Lair:2   | Noticed a death yak
  6059 | Lair:2   | Noticed a death yak
  6115 | Lair:1   | Noticed a bog body
  6117 | Lair:1   | Noticed a death yak
  6148 | Lair:1   | Killed a bog body
  6149 | Lair:1   | Reached ** piety under Okawaru
  6150 | Lair:1   | Reached skill level 12 in Long Blades
  6237 | Lair:1   | Killed a death yak
  6270 | Lair:1   | Reached skill level 10 in Fighting
  6270 | Lair:1   | Reached skill level 10 in Dodging
  6270 | Lair:1   | Reached XP level 12. HP: 58/106 MP: 10/13
  6297 | Lair:1   | Reached skill level 1 in Invocations
  6472 | Lair:2   | Noticed a death yak
  6495 | Lair:2   | Reached *** piety under Okawaru
  6509 | Lair:2   | Noticed a bog body
  6523 | Lair:2   | Killed a bog body
  6545 | Lair:2   | Noticed Urug
  6570 | Lair:2   | Killed Urug
  6628 | Lair:2   | Found a staircase to the Swamp.
  6712 | Lair:3   | Noticed an eight-headed hydra
  6730 | Lair:3   | Killed an eight-headed hydra
  6745 | Lair:3   | Reached skill level 5 in Throwing
  6757 | Lair:3   | Reached skill level 5 in Shields
  6757 | Lair:3   | Reached skill level 5 in Evocations
  6762 | Lair:3   | Reached **** piety under Okawaru
  6771 | Lair:3   | HP: 4/104 [dream sheep (7)]
  6798 | Lair:3   | Found a gate leading to a gauntlet.
  6808 | Gauntlet | Entered a Gauntlet
  6808 | Gauntlet | Found a transporter.
  6810 | Gauntlet | Found a large runed translucent door.
  6811 | Gauntlet | Found a large runed translucent door.
  6812 | Gauntlet | Found a large runed translucent door.
  6812 | Gauntlet | Found a large runed translucent door.
  6812 | Gauntlet | Found a runed translucent door.
  6812 | Gauntlet | Found a runed translucent door.
  6813 | Gauntlet | Found a large runed translucent door.
  6814 | Gauntlet | Found a large runed translucent door.
  6815 | Gauntlet | Found a large runed translucent door.
  6815 | Gauntlet | Found a large runed translucent door.
  6815 | Gauntlet | Found a large runed translucent door.
  6815 | Gauntlet | Found a large runed translucent door.
  6815 | Gauntlet | Found a large runed translucent door.
  6815 | Gauntlet | Found a large runed translucent door.
  6816 | Gauntlet | Found a large runed translucent door.
  6816 | Gauntlet | Found a large runed translucent door.
  6817 | Gauntlet | Found a large runed translucent door.
  6817 | Gauntlet | Found a large runed translucent door.
  6819 | Gauntlet | Found a transporter.
  6821 | Gauntlet | Found a transporter.
  6822 | Gauntlet | Found a transporter.
  6823 | Gauntlet | Noticed a sixfirhy
  6836 | Gauntlet | Found a runed translucent gate.
  6836 | Gauntlet | Found a runed translucent gate.
  6837 | Gauntlet | Found a runed translucent gate.
  6837 | Gauntlet | Noticed a soul eater
  6838 | Gauntlet | Found a transporter.
  6853 | Gauntlet | Found a transporter.
  6860 | Gauntlet | Found a transporter.
  6860 | Gauntlet | Noticed a great orb of eyes
  6876 | Gauntlet | Found a transporter.
  6896 | Gauntlet | Found a transporter.
  6904 | Gauntlet | Noticed a sixfirhy
  6907 | Gauntlet | Noticed a sixfirhy
  6908 | Gauntlet | Found a transporter.
  6912 | Gauntlet | Noticed a sixfirhy
  6916 | Gauntlet | Noticed a glowing orange brain
  6920 | Gauntlet | Found a transporter.
  6931 | Gauntlet | Noticed a lindwurm
  6932 | Gauntlet | Found a transporter.
  6932 | Gauntlet | Noticed a two-headed ogre
  6934 | Gauntlet | a two-headed ogre changed into a lindwurm
  6934 | Gauntlet | Noticed a lindwurm (shapeshifter)
  6939 | Gauntlet | Noticed a broodmother
  6944 | Gauntlet | Found a transporter.
  6946 | Gauntlet | a broodmother changed into a wolf spider
  6947 | Gauntlet | Noticed a catoblepas
  6948 | Gauntlet | a lindwurm changed into a faun
  6961 | Gauntlet | Found a transporter.
  6978 | Gauntlet | Found a transporter.
  6980 | Gauntlet | Found a transporter.
  7011 | Gauntlet | Found a transporter.
  7016 | Gauntlet | Reached skill level 5 in Invocations
  7103 | Gauntlet | Killed a soul eater
  7104 | Gauntlet | Reached skill level 13 in Long Blades
  7184 | Gauntlet | Killed a sixfirhy
  7185 | Gauntlet | Reached XP level 13. HP: 58/114 MP: 18/18
  7205 | Gauntlet | Slain by a sixfirhy

Illustrated notes

Levels and vault maps discovered:
D:1:      eino_arrival_water_star, layout_rooms, serial_shops, shop, shop_coins,
          shop, shop_fountains
D:2:      layout_basic, basic_altar
D:3:      layout_basic, chequers_temple_overflow_minitemple,
          jmf_multi_god_temple2, serial_undead, serial_undead_f,
          serial_undead_b, serial_undead_c, serial_undead_f, serial_undead_e,
          serial_undead_a, serial_undead_c, serial_undead_c, hex_tiny
D:4:      layout_rooms, minmay_temple_entry_large_hall, serial_shops,
          nicolae_shop_stone
D:5:      layout_cave_pools, serial_glass, glass_columns_c, glass_columns_a,
          kennysheep_nub, uniq_blork_the_orc
D:6:      layout_layer_cave, kennysheep_generic_room_5
D:7:      layout_loops_ring, good_gods_mini_temple, serial_glass,
          glass_columns_c, glass_columns_a
D:8:      layout_basic, erik_lair_dragon, uniq_pikel
D:9:      layout_loops_cross, cheibrodos_ashenzari_chains, enter_bailey_2
D:10:     layout_irregular_city, grunt_temple_overflow_open, uniq_erolcha
Temple:   chequers_temple_sunken
Lair:1:   dreamdust_isle_of_ice, layout_misc_corridors,
          ebering_ghost_reflecting_pool
Lair:2:   layout_chaotic_city, skrybe_swamp_entry_bodies, lemuel_old_faithful,
          uniq_urug
Lair:3:   layout_roguey, spider_nest_entry_rubble, gauntlet_entry_generic
Gauntlet: gammafunk_gauntlet_one_two_three [gammafunk_gauntlet_arena_chambers,
          minmay_gauntlet_arena_make_your_own_arena,
          gammafunk_gauntlet_arena_arrow_garden, gammafunk_gauntlet_arena_open,
          gammafunk_gauntlet_arena_split_x, nicolae_gauntlet_arena_grate_2,
          nicolae_gauntlet_arena_blocks, gammafunk_gauntlet_arena_hedges,
          nicolae_gauntlet_arena_flowing_pool, gauntlet_exit_green]

Skill      XL: |  1  2  3  4  5  6  7  8  9 10 11 12 |
---------------+-------------------------------------+-----
Dodging        | 1 2 4 5 6 8 10 | 10.6
Shields        | 4 5 |  5.4
Armour         | 4 5 6 8 |  8.8
Long Blades    | 3 4 5 6 8 9 12 13 | 13.0
Stealth        | 1 2 3 4 |  4.0
Fighting       | 4 5 6 7 10 | 10.6
Throwing       | 1 2 3 4 5 |  5.5
Evocations     | 4 5 |  5.4
Invocations    | 5 |  5.6

Action                   |  1- 3 |  4- 6 |  7- 9 | 10-12 | 13-15 || total
-------------------------+-------+-------+-------+-------+-------++-------
Melee: Long sword        |    65 |   166 |   211 |       |       ||   442
       Scimitar          |       |       |   229 |   662 |    13 ||   904
       Rapier            |       |       |       |    11 |       ||    11
Throw: Stone             |       |     3 |     3 |     3 |       ||     9
       Dart              |       |       |       |     7 |       ||     7
       Boomerang         |       |       |       |     2 |       ||     2
Invok: Heroism           |       |       |       |    14 |       ||    14
Evoke: Wand              |       |       |       |     7 |       ||     7
  Use: Potion            |       |     1 |     3 |     4 |       ||     8
       Scroll            |       |       |    22 |     7 |     1 ||    30
Armor: Scale mail        |    16 |       |       |   148 |       ||   164
       Chain mail        |    21 |   101 |   316 |   212 |    12 ||   662
Dodge: Dodged            |    16 |    42 |   174 |   391 |    10 ||   633
Block: Buckler           |    21 |    48 |   121 |   223 |     4 ||   417

Table legend: (Time is in decaauts)
 A = Elapsed time spent in this place.
 B = Non-inter-level travel time spent in this place.
 C = Inter-level travel time spent in this place.
 D = Time resting spent in this place.
 E = Time spent auto-exploring this place.
 F = Levels seen in this place.
 G = Mean time per level.
                   A        B        C        D        E       F      G
               +--------+--------+--------+--------+--------+-----+--------+
         Total |   7261 |   5783 |   1478 |     41 |      0 |  16 |  453.8 |
       Dungeon |   5724 |   4341 |   1383 |      0 |      0 |  10 |  572.4 |
        Temple |    130 |     85 |     45 |     41 |      0 |   1 |  130.0 |
          Lair |    752 |    702 |     50 |      0 |      0 |   3 |  250.7 |
        Bailey |    276 |    276 |      0 |      0 |      0 |   1 |  276.0 |
      Gauntlet |    378 |    378 |      0 |      0 |      0 |   1 |  378.0 |
               +--------+--------+--------+--------+--------+-----+--------+

Top non-repeatable levels by time:
     D:8: 990 daAuts
     D:6: 756 daAuts
     D:7: 643 daAuts
     D:4: 642 daAuts
     D:9: 639 daAuts
     D:3: 633 daAuts
     D:5: 481 daAuts
  Lair:1: 417 daAuts
     D:1: 397 daAuts
Gauntlet: 378 daAuts
     D:2: 295 daAuts
  Bailey: 276 daAuts
    D:10: 243 daAuts
  Lair:2: 192 daAuts
  Lair:3: 142 daAuts
